Map: Winter's Gate LE

Players

Kelazhur - Winner!

  • Race: Terran Terran
  • League: Master
  • Spawn Location: 11:00

Freeman

  • Race: Zerg Zerg
  • League: Master
  • Spawn Location: 5:00

Event: NationWars 2019

VOD

Have the link to the VOD?

Description

Time

  • Played on: Sept. 30, 2019, 2:27 p.m.
  • Length: 12:04
Show
View Real Time Build Order
Export as new Build Order

Kelazhur Terran - Winner!

Build Orders:  

Get SALT Encoding   

  12  0:00  SCV  
  13  0:13  SCV  
  14  0:17  Supply Depot  
  14  0:25  SCV  
  15  0:38  SCV  
  15  0:39  Barracks  
  16  0:44  Refinery  
  16  0:50  SCV  
  17  0:59  Barracks  
  17  1:03  SCV  
  18  1:15  SCV  
  19  1:22  Barracks  
  19  1:26  Reaper  
  20  1:36  Orbital Command  
  20  1:43  Refinery  
  20  1:46  Reaper  
  21  1:54  Supply Depot  
  21  2:02  SCV  
  21  2:07  Reaper  
  23  2:16  SCV, Reaper  
  23  2:17  Supply Depot  
  25  2:24  Reaper  
  25  2:28  SCV  
  27  2:39  Reaper  
  28  2:48  SCV, Reaper  
  30  2:56  Supply Depot  
  30  3:00  SCV, Reaper  
  32  3:21  Reaper  
  32  3:27  Reaper  
  32  3:28  SCV  
  32  3:30  Command Center  
  32  3:32  Reaper  
  33  3:46  SCV  
  33  3:53  Reaper  
  33  3:55  Command Center  
  34  3:59  SCV, Reaper  
  36  4:05  Reaper  
  37  4:10  Factory  
  37  4:12  SCV  
  38  4:25  Reaper  
  38  4:30  SCV  
  40  4:36  Reaper  
  41  4:44  Orbital Command  
  41  4:46  Barracks  
  41  4:47  Barracks  
  41  4:50  SCV  
  42  4:55  Refinery, Starport, Factory Reactor  
  42  4:56  Refinery  
  42  5:01  Reaper  
  42  5:02  SCV  
  44  5:10  Orbital Command  
  44  5:11  SCV  
  45  5:14  Reaper  
  45  5:18  SCV  
  47  5:21  Reaper  
  47  5:23  SCV  
  49  5:30  SCV  
  49  5:33  Reaper  
  49  5:35  SCV, Marine x2  
  52  5:37  SCV  
  52  5:42  SCV  
  55  5:45  Medivac x2  
  55  5:46  Marine  
  55  5:49  SCV x2  
  62  5:53  Barracks Tech Lab  
  62  5:54  SCV, Marine, Barracks Tech Lab  
  64  6:01  SCV x2  
  66  6:04  Marine  
  66  6:07  Engineering Bay x2  
  66  6:08  SCV  
  68  6:13  SCV x2  
  68  6:15  Supply Depot  
  70  6:20  SCV  
  70  6:23  Marine x2  
  70  6:25  Barracks Reactor, SCV x2  
  77  6:26  Barracks Reactor  
  77  6:28  Barracks Reactor  
  77  6:32  SCV, Orbital Command  
  74  6:34  Terran Infantry Weapons Level 1, Terran Infantry Armor Level 1  
  74  6:37  SCV  
  75  6:40  Medivac x2  
  75  6:42  Factory Tech Lab  
  75  6:44  SCV  
  75  6:45  Marine x2  
  77  7:02  SCV x2  
  77  7:03  Marine x2  
  77  7:05  SCV  
  77  7:07  Marine  
  77  7:08  Marine x2  
  85  7:10  Supply Depot  
  85  7:12  Supply Depot x3  
  85  7:14  Marine x3  
  88  7:21  Marine x2  
  89  7:25  Marine x3  
  89  7:28  Combat Shield, Stimpack  
  92  7:30  Barracks  
  92  7:31  Barracks, Marine  
  92  7:34  Marine  
  92  7:36  SCV, Medivac  
  92  7:37  Medivac  
  99  7:43  Marine x4  
  103  7:46  Marine x2  
  103  7:48  SCV  
  103  7:49  SCV, Marine  
  108  7:52  Marine  
  108  7:54  Supply Depot  
  108  7:56  Widow Mine  
  108  7:58  SCV  
  112  8:05  Armory, SCV x2  
  114  8:07  Marine x4  
  114  8:11  Refinery  
  118  8:13  SCV, Supply Depot  
  118  8:17  SCV  
  118  8:19  Marauder  
  122  8:23  SCV  
  122  8:25  Widow Mine  
  122  8:26  SCV, Marine  
  128  8:27  Marauder  
  128  8:29  SCV, Marine  
  128  8:30  Marine  
  132  8:34  Barracks Reactor, Marine, Barracks Tech Lab  
  132  8:35  SCV  
  132  8:40  Supply Depot, Marauder  
  136  8:43  Marine  
  136  8:44  Supply Depot  
  136  8:45  Supply Depot  
  137  8:48  Marauder  
  137  8:49  Marine  
  137  8:50  Marine x2  
  137  8:51  SCV  
  141  9:02  Marauder, Widow Mine  
  145  9:05  Marauder  
  145  9:07  Terran Infantry Armor Level 2, Marine  
  145  9:08  Terran Infantry Weapons Level 2, Marine  
  145  9:09  Marine  
  152  9:10  Marauder  
  148  9:23  Marauder  
  146  9:25  Marine  
  146  9:27  Marauder  
  146  9:28  Marine  
  146  9:31  Marauder, Widow Mine  
  154  9:32  Marine x3  
  154  9:33  Drilling Claws  
  154  9:34  Medivac  
  159  9:43  Marine x3  
  159  9:44  Marauder  
  162  9:46  Supply Depot  
  162  9:48  Marauder  
  162  9:49  Supply Depot  
  164  9:53  Marine  
  164  9:57  Marine  
  164  9:59  Marine x2  
  165  10:00  Marine  
  165  10:06  Marine x2  
  165  10:08  Widow Mine, Marauder x2, Marine  
  165  10:09  Marine  
  165  10:11  Marine  
  172  10:18  Medivac x2  
  162  10:23  Marine  
  162  10:27  Marauder  
  165  10:30  Marauder x2  
  165  10:33  Marine x7  
  176  10:41  Marine  
  176  10:45  Widow Mine  
  176  10:46  Supply Depot, Command Center  
  176  10:49  Marauder, Concussive Shells  
  179  10:50  Marine x2  
  171  10:58  Marine  
  171  10:59  Marine x6  
  171  11:00  Medivac  
  171  11:01  Medivac  
  178  11:07  Marine  
  178  11:09  Marauder x2  
  178  11:10  Marauder  
  179  11:16  Marine x4  
  181  11:23  Marine  
  181  11:24  Factory Reactor  
  153  11:30  Marauder x2, Marine x2  
  153  11:31  Marauder, Marine  
  158  11:34  Marine x4  
Show
View Real Time Build Order
Export as new Build Order

Freeman Zerg 

Build Orders: Hatch First 

Get SALT Encoding   

  12  0:00  Drone  
  13  0:13  Overlord  
  13  0:16  Drone  
  14  0:31  Drone x2  
  16  0:47  Hatchery  
  15  0:51  Drone  
  15  0:54  Drone  
  17  0:57  Drone  
  18  1:08  Extractor  
  17  1:12  Spawning Pool  
  17  1:15  Drone  
  17  1:19  Drone  
  18  1:29  Drone  
  19  1:39  Drone  
  20  1:52  Drone  
  21  1:59  Queen  
  21  2:00  Zergling x2, Queen  
  26  2:02  Zergling x2  
  27  2:12  Metabolic Boost  
  27  2:20  Overlord  
  28  2:22  Zergling x2  
  28  2:34  Spore Crawler  
  28  2:43  Queen  
  29  2:47  Zergling x10  
  29  2:51  Queen  
  33  2:52  Overlord  
  33  3:18  Zergling x12  
  35  3:30  Hatchery  
  35  3:33  Zergling x4  
  35  3:34  Zergling x2  
  37  3:50  Drone x2  
  38  3:58  Drone x2  
  40  4:09  Evolution Chamber  
  39  4:12  Drone x2, Overlord  
  41  4:23  Drone x2  
  43  4:35  Drone x2, Zerg Ground Armor Level 1  
  43  4:36  Drone x3  
  43  4:37  Zergling x6  
  51  4:43  Queen  
  51  4:45  Drone  
  54  4:50  Drone  
  54  4:51  Queen  
  57  4:55  Overlord  
  57  5:06  Overlord  
  57  5:11  Extractor  
  56  5:15  Drone  
  56  5:16  Drone  
  56  5:17  Drone x3  
  56  5:18  Drone x2  
  63  5:26  Zergling x2  
  63  5:27  Zergling x8  
  68  5:37  Overlord x2  
  68  5:38  Overlord  
  68  5:41  Drone  
  68  5:42  Baneling Nest  
  68  5:51  Overlord  
  68  5:53  Lair  
  68  5:55  Zergling x16  
  76  6:10  Drone  
  77  6:11  Drone x2  
  77  6:12  Drone x5, Evolution Chamber  
  82  6:26  Drone  
  82  6:28  Extractor  
  75  6:37  Zerg Melee Weapons Level 1  
  75  6:38  Drone  
  75  6:39  Drone x3, Overlord x2  
  79  6:42  Drone  
  79  6:44  Hatchery  
  79  6:46  Zergling x4  
  81  6:49  Drone x5  
  81  6:52  Centrifical Hooks  
  79  7:10  Hatchery  
  79  7:11  Drone  
  77  7:16  Zergling x12  
  77  7:19  Drone  
  77  7:20  Drone x3, Extractor  
  81  7:26  Zergling x8  
  81  7:27  Zergling x2  
  84  7:35  Baneling x2  
  84  7:36  Zergling x6, Baneling  
  85  7:43  Baneling  
  85  7:44  Baneling x3  
  83  7:50  Zerg Ground Armor Level 2  
  84  7:51  Zergling x16  
  84  7:52  Zergling x6  
  93  8:09  Drone x3  
  93  8:10  Zergling x6  
  93  8:11  Zergling x6  
  102  8:15  Baneling x3  
  102  8:16  Baneling x2  
  102  8:21  Zergling x2  
  102  8:22  Zergling x14  
  102  8:24  Hatchery  
  109  8:39  Baneling x6  
  109  8:40  Drone x5  
  109  8:41  Overlord x3  
  114  8:47  Zergling x2  
  114  8:48  Zergling x16  
  121  8:50  Baneling  
  121  8:51  Baneling x11  
  121  8:59  Zergling x20  
  125  9:15  Zergling x2  
  125  9:16  Zergling x26  
  126  9:30  Zergling x18  
  124  9:32  Queen  
  124  9:35  Zerg Melee Weapons Level 2  
  119  9:47  Zergling x2  
  119  9:48  Zergling x14  
  116  9:53  Queen  
  99  10:05  Zergling x20  
  99  10:06  Hatchery  
  105  10:11  Queen  
  101  10:15  Zergling x16  
  103  10:22  Extractor  
  103  10:26  Infestation Pit  
  100  10:28  Drone x3  
  100  10:29  Zergling x6  
  100  10:33  Baneling  
  100  10:34  Baneling x4  
  103  10:44  Baneling  
  103  10:45  Baneling x5  
  98  10:51  Baneling x4  
  98  10:54  Baneling x6  
  95  10:58  Zergling x14  
  95  10:59  Zergling x20  
  95  11:02  Baneling x3  
  98  11:13  Zergling x14  
  99  11:24  Zergling x14  
  88  11:30  Overseer  
  86  11:34  Overlord  
  86  11:41  Baneling  
  86  11:45  Zergling x10  
Tags
 
Add a new tag
Caveats
  • Supply blocks, unpowered buildings, or Contaminate may cause inaccurate times.
  • Supply counts are checked every 10 seconds.